AoeStats
← 六百公斤大肥豬

Oasis

509910953Analyzed
4v4 RM · 5d ago on Sep 28, 2026· 24m 22s· 8 players
Game mode
Random Map
Map size
Large (8 player)
Population
200
Speed
Normal
Resources
Standard
Victory
Conquest
Starting age
Dark Age
Ending age
Imperial Age
RankedLock teamsTeams togetherTeam positionsShared explorationLock speedFull tech treeHidden civsTurbo modeCheats
Victory
Defeat
🇩🇪 Koreans · Germany
1399
+12
🇺🇸 Saracens · United States
1345
+14
🇪🇸 Poles · Spain
1335
+14
🇧🇩 Magyars · Bangladesh
1265
+17
🇭🇰 Danes · Hong Kong SAR China
1336
-16
🇭🇰 Italians · Hong Kong SAR China
1289
-14
🇭🇰 Khmer · Hong Kong SAR China
1289
-14
🇭🇰 Danes · Hong Kong SAR China
1261
-13
六百公斤大肥豬
13:30 Feudal Age
17:47 Castle Age
16:09 Scale Mail Armor
16:27 Double-Bit Axe
19:12 Chain Mail Armor
19:15 Horse Collar
19:24 Arson
Hung Kaho
10:43 Feudal Age
14:34 Castle Age
12:54 Horse Collar
13:12 Double-Bit Axe
15:36 Bow Saw
19:16 Heavy Plow
23:04 Loom
MaGicPK
10:22 Feudal Age
14:07 Castle Age
13:20 Scale Mail Armor
14:14 Double-Bit Axe
15:27 Loom
17:14 Gambesons
19:02 Chain Mail Armor
19:25 Arson
20:22 Pikeman
21:05 Squires
bbhin
6:27 Loom
9:13 Feudal Age
7:29 Loom
14:02 Fletching
24:27 Castle Age
23:38 Gold Mining
23:32 Horse Collar
Hamstring Cramp
1:34 Loom
12:09 Feudal Age
16:05 Castle Age
14:28 Horse Collar
14:36 Double-Bit Axe
22:32 Fletching
24:23 Murder Holes
24:47 Bodkin Arrow
Juanchan
6:00 Loom
10:40 Feudal Age
16:09 Castle Age
14:37 Double-Bit Axe
14:37 Horse Collar
17:11 Bow Saw
17:03 Heavy Plow
18:43 Wheelbarrow
hermelin*?
6:15 Loom
9:28 Feudal Age
12:47 Fletching
22:58 Castle Age
23:04 Crossbowman
Gunslinger
6:24 Loom
9:11 Feudal Age
9:57 Double-Bit Axe
13:43 Horse Collar
15:52 Scale Barding Armor
23:17 Castle Age
22:58 Gold Mining
24:16 Bow Saw
24:28 Chain Barding Armor
Connection lost

Rejoining the realm…

Still unreachable

The connection could not be restored.

Session expired

The server has moved on; the page needs a fresh start.